 Dungeon Crawl Stone Soup version 0.29.1-15-g9cfb28693d (webtiles) character file.

Game seed: 13830432736849068228

1740 KittyFluff the Cudgeller (level 9, -6/82 HPs)
             Began as a Gargoyle Berserker on Mar 2, 2023.
             Was an Elder of Trog.
             Mangled by a vampire (8 damage)
             ... on level 7 of the Dungeon on Apr 9, 2023.
             The game lasted 00:27:26 (7371 turns).

KittyFluff the Cudgeller (Gargoyle Berserker)       Turns: 7371, Time: 00:27:26

Health: -6/82      AC: 14    Str: 20    XL:     9   Next: 5%
Magic:  3/3        EV: 13    Int:  9    God:    Trog [****..]
Gold:   312        SH:  5    Dex: 13    Spells: 8/8 levels left

rFire   + . .      SeeInvis .   E - +2 whip (antimagic)
rCold   + . .      Faith    .   (no shield)
rNeg    + . .      Spirit   .   B - +2 robe {rF+}
rPois   ∞          Reflect  +   (no helmet)
rElec   +          Harm     .   D - +0 cloak
rCorr   .          Rampage  .   (no gloves)
Will    .....                   F - +1 pair of boots
Stlth   ..........              k - amulet of reflection
HPRegen 0.23/turn               m - ring of protection from cold
MPRegen 0.08/turn               (no ring)

@: berserking, very quick
A: sickness immunity, AC +6, negative energy resistance 1, electricity
resistance, torment resistance 1, petrification resistance
a: Renounce Religion, Berserk, Trog's Hand, Brothers in Arms


You were on level 7 of the Dungeon.
You worshipped Trog.
Trog was greatly pleased with you.
You visited 1 branch of the dungeon, and saw 7 of its levels.

You collected 312 gold pieces.

Inventory:

Hand Weapons
 a - a +0 mace
 y - a +1 sling of freezing
 C - a +3 quarterstaff of chaos
 E - a +2 antimagic whip (weapon)
 G - a +0 flail of draining
Missiles
 b - 2 poisoned darts
 g - 87 stones (quivered)
 x - 6 boomerangs
Armour
 c - a +0 leather armour
 e - a +0 chain mail
 B - a +2 robe of fire resistance (worn)
 D - a +0 cloak (worn)
 F - a +1 pair of boots (worn)
Jewellery
 k - an amulet of reflection (around neck)
 m - a ring of protection from cold (left hand)
Scrolls
 i - 7 scrolls of teleportation {unknown}
 o - 2 scrolls of immolation {unknown}
 p - 3 scrolls of fear {unknown}
 r - a scroll of silence {unknown}
 s - a scroll of magic mapping {unknown}
 u - a scroll of poison {unknown}
 v - 2 scrolls of blinking {unknown}
 w - a scroll of identify
Potions
 d - 2 potions of might
 f - 2 potions of curing
 h - 2 potions of magic
 j - a potion of mutation
 l - a potion of degeneration
 n - 2 potions of attraction
 q - 2 potions of lignification {unknown}
 t - a potion of haste
 z - a potion of heal wounds {unknown}
 A - a potion of ambrosia {unknown}


   Skills:
 + Level 5.8 Fighting
 + Level 7.1 Maces & Flails
 + Level 3.0 Ranged Weapons
 + Level 0.2 Throwing
 * Level 5.7 Armour
 + Level 3.8 Dodging
 + Level 1.8 Stealth
 + Level 2.9 Shields


You had 8 spell levels left.
You didn't know any spells.
Your spell library was empty.

Dungeon Overview and Level Annotations

Branches:
Dungeon (7/15)             Temple (0/1) D:4

Altars:
Cheibriados
Hepliaklqana
Okawaru
Qazlal
Ru
Zin


Innate Abilities, Weirdness & Mutations

You are immune to sickness and miasma.
Your stone body is resilient. (AC +6)
You are immune to poison.
You resist negative energy. (rN+)
You are resistant to electric shocks. (rElec)
You are resistant to unholy torment.
You are immune to petrification.


Message History

The vampire is lightly damaged.
You barely miss the vampire.
The vampire is lightly damaged.
The vampire mumbles some strange words.
The vampire flickers and vanishes!
Deactivating autopickup; reactivate with Ctrl-A.
You closely miss something. You block something's attack. x2
You barely miss something. You hit something but do no damage.
Something hits you but does no damage. Something bites you!
You hit something but do no damage. Something hits you but does no damage.
Something bites you!
You barely miss something. You block something's attack. Something bites you.
You miss something. You block something's attack. Something bites you!
You hit something but do no damage. You closely miss something.
Something hits you. Something bites you but does no damage.
You closely miss something. Something barely misses you. Something bites you.
You barely miss something. Something hits you but does no damage.
Something bites you but does no damage.
You hit something. You hit something but do no damage.
Something hits you but does no damage. Something bites you but does no damage.
You hit something. Something hits you.
* * * LOW HITPOINT WARNING * * *
Something bites you.
* * * LOW HITPOINT WARNING * * *
You closely miss something.
You hear some strange, mumbled words.
Something tries to affect you, but you resist.
A red film seems to cover your vision as you go berserk!
You feel yourself moving faster!
You feel mighty! Something hits you!
* * * LOW HITPOINT WARNING * * *
Something bites you.
* * * LOW HITPOINT WARNING * * *
You closely miss something. You miss something. Something hits you.
* * * LOW HITPOINT WARNING * * *
Something bites you!
You die...

...#
#.....#####.##+##.#.##...###
..# ####........# #...##...#
#### ########.+ +.#.##...#
...# # ...# #...##...# ##.#
####.##.##+##.####...###
##.#####
#..............###......
.......#
#.#####.#.#.#.#.....####
##.###.# #<.....####.#.##.#
##.# .....##@##....###...#
...# #.## #{# .###. #..#
#### #.# .# #.# ... .. .#
#.# .# .# #.# .# #.# #.#


There were no monsters in sight!

Vanquished Creatures
  Prince Ribbit (D:7)
  Menkaure (D:4)
  A sky beast (D:7)
  2 ogres
  Blork the orc (D:5)
  A necrophage (D:4)
  2 scorpions
  4 howler monkeys
  5 hounds
  A gnoll bouda (D:5)
  A jelly (D:5)
  Crazy Yiuf (D:5)
  An iron imp (D:3)
  6 iguanas
  2 orc wizards (D:7)
  11 adders
  5 gnolls
  A shadow imp (D:5)
  2 white imps (D:5)
  An ufetubus (D:7)
  A worm (D:3)
  6 dart slugs
  12 orcs
  4 ball pythons
  6 bats (D:1)
  10 endoplasms
  13 giant cockroaches
  4 goblins
  11 hobgoblins
  8 jackals
  4 quokkas
  A frilled lizard (D:1)
  4 kobolds
  3 rats
137 creatures vanquished.

Vanquished Creatures (others)
  2 plants (D:1)
2 creatures vanquished.

Grand Total: 139 creatures vanquished

Notes
Turn   | Place    | Note
-------+----------+-------------------------------------------
     0 | D:1      | KittyFluff the Gargoyle Berserker began the quest for the
                  | Orb.
     0 | D:1      | Reached XP level 1. HP: 14/14 MP: 1/1
   407 | D:1      | Reached XP level 2. HP: 16/19 MP: 2/2
   769 | D:1      | Reached XP level 3. HP: 22/23 MP: 3/3
   771 | D:1      | Reached ** piety under Trog
  1388 | D:1      | Reached skill level 4 in Maces & Flails
  1388 | D:1      | Reached XP level 4. HP: 29/29 MP: 4/4
  1908 | D:3      | Found a snail-covered altar of Cheibriados.
  1917 | D:3      | Reached XP level 5. HP: 17/33 MP: 5/5
  2221 | D:3      | Reached *** piety under Trog
  2306 | D:3      | Found a hazy altar of Hepliaklqana.
  2307 | D:3      | Found an iron altar of Okawaru.
  2308 | D:3      | Found a glowing silver altar of Zin.
  2327 | D:3      | Found a stormy altar of Qazlal.
  2347 | D:3      | Found a sacrificial altar of Ru.
  2532 | D:3      | Found a faded altar of an unknown god.
  2706 | D:4      | Found a staircase to the Ecumenical Temple.
  2706 | D:4      | Noticed Menkaure
  2997 | D:4      | Reached XP level 6. HP: 32/38 MP: 6/6
  3161 | D:4      | Reached skill level 5 in Maces & Flails
  3384 | D:4      | Killed Menkaure
  3385 | D:4      | Reached skill level 1 in Shields
  3385 | D:4      | Reached XP level 7. HP: 29/44 MP: 7/7
  4034 | D:5      | Entered Level 5 of the Dungeon
  4376 | D:5      | Reached skill level 1 in Ranged Weapons
  4724 | D:5      | Reached skill level 6 in Maces & Flails
  4839 | D:5      | Reached XP level 8. HP: 39/48 MP: 8/8
  4977 | D:5      | Noticed Blork the orc
  5001 | D:5      | Killed Blork the orc
  5182 | D:5      | Found a runed translucent door.
  5183 | D:5      | Noticed Crazy Yiuf
  5197 | D:5      | Killed Crazy Yiuf
  5448 | D:5      | Reached skill level 1 in Stealth
  5798 | D:5      | Reached skill level 5 in Fighting
  5806 | D:5      | Reached **** piety under Trog
  5818 | D:5      | Reached skill level 5 in Armour
  6758 | D:6      | You fall into a shaft and drop 1 floor!
  6825 | D:7      | Noticed Prince Ribbit
  6847 | D:7      | Killed Prince Ribbit
  7110 | D:7      | Reached skill level 7 in Maces & Flails
  7126 | D:7      | Reached XP level 9. HP: 41/55 MP: 3/9
  7369 | D:7      | HP: 4/82 [something (1)]
  7371 | D:7      | Mangled by a vampire

Illustrated notes

Levels and vault maps discovered:
D:1:      ncdulo_halloftheorcs, layout_rooms, serial_bayou_ford_a,
          minmay_crystal_room, fountainhead
D:2:      minmay_roachtagon, layout_rooms, minmay_fountain_box
D:3:      layout_basic, slow_altar_1, lemuel_crystal_altar,
          chequers_temple_overflow_statue_of_worship,
          hellmonk_ecumenical_altar_leap_of_faith
D:4:      layout_loops_ring, minmay_temple_entry_large_hall,
          due_unseen_surprise, uniq_menkaure
D:5:      minmay_razor_zed, layout_basic, grunt_ministairs_1,
          uniq_crazy_yiuf_cottage, uniq_blork_the_orc
D:6:      layout_basic, nicolae_uskayaw_murder_on_the_dancefloor,
          patterned_corridor
D:7:      lemuel_insect_pit, layout_loops_cross, minmay_misc_feat_doors,
          nicolae_hexahallways, uniq_prince_ribbit1

Skill      XL: |  1  2  3  4  5  6  7  8  9 |
---------------+----------------------------+-----
Dodging        | 2 3 |  3.8
Maces & Flails | 4 5 6 7 |  7.1
Armour         | 3 4 5 |  5.7
Fighting       | 4 5 |  5.8
Shields        | 1 2 |  2.9
Ranged Weapons | 1 2 3 |  3.0
Stealth        | 1 |  1.8
Throwing       | |  0.2

Action                   |  1- 3 |  4- 6 |  7- 9 || total
-------------------------+-------+-------+-------++-------
Melee: Mace              |   138 |   170 |   196 ||   504
       Punch             |       |     1 |     2 ||     3
       Whip              |       |       |   155 ||   155
 Fire: Sling             |       |       |    26 ||    26
Throw: Dart              |       |     2 |     2 ||     4
Invok: Berserk           |       |     1 |     1 ||     2
  Use: Scroll            |     3 |     4 |       ||     7
 Stab: Sleeping          |       |       |     1 ||     1
Armor: Leather armour    |    83 |    63 |    31 ||   177
       Robe              |       |       |    60 ||    60
Dodge: Dodged            |   136 |   118 |   147 ||   401
Block: Other             |     8 |    44 |    59 ||   111
       Reflection        |       |     3 |     2 ||     5
